 Dungeon Crawl Stone Soup version 0.17-a0-1103-ga40c899 (webtiles) character file.

151926 Chiseanne the Peltast (level 17, -18/133 HPs)
             Began as a Demonspawn Monk on May 18, 2015.
             Was an Initiate of Gozag.
             Demolished by a merfolk
             ... wielding a +0 trident
              (19 damage)
             ... on level 4 of the Shoals on May 21, 2015.
             The game lasted 02:31:34 (44892 turns).

Chiseanne the Peltast (Demonspawn Monk)            Turns: 44892, Time: 02:31:34

Health: -18/133    AC: 11    Str: 16    XL:     17   Next: 1%
Magic:  0/26       EV: 21    Int: 10    God:    Gozag
Gold:   7395       SH: 25    Dex: 19    Spells: 0 memorised, 16 levels left

rFire  + + .     SeeInvis .       - Unarmed
rCold  + . .     Clarity  +     N - +2 leather armour of the Realm of Zot {Int-4 Slay+4}
rNeg   + . .     SustAb   .     j - +4 large shield
rPois  .         Gourm    .     c - +1 hat {Int+3}
rElec  .         Spirit   +     m - +0 cloak
rCorr  .         Warding  .     (gloves unavailable)
rMut   .         Stasis   .     t - +0 pair of boots "Obluim" {rF+ MP+9}
MR     ++...                    (no amulet)
Stlth  ++........               T - ring of protection from cold
                                K - ring of Goedak {rN+ MR+}

@: very resistant to hostile enchantments, unstealthy
A: claws 3, slimy green scales 1, clarity, fire resistance 1, spiny 2, magic
shield, magic regeneration, magic link
a: Potion Petition, Call Merchant, Bribe Branch, Renounce Religion


You were on level 4 of the Shoals.
You worshipped Gozag.
Gozag was noncommittal.
You were not hungry.

You visited 7 branches of the dungeon, and saw 34 of its levels.
You also visited: Labyrinth and Ossuary.

You collected 12460 gold pieces.
You spent 3989 gold pieces at shops.
You paid 1076 gold pieces to Gozag.

Inventory:

Hand weapons
 a - a +2 flail of protection
 e - the +7 hunting sling of Qetyef {freeze, rElec Str+5}
   (You bought it in a shop on level 4 of the Dungeon)

   It causes projectiles fired from it to freeze those they strike, causing
   extra injury to most foes and up to half again as much damage against
   particularly susceptible opponents.
   They can also slow down cold-blooded creatures.
   It affects your strength (+5).
   It insulates you from electricity.
 r - the +7 hunting sling of Blood-Lust {velocity, Int+4}
   (You bought it in a shop on level 13 of the Dungeon)

   Any stone fired from it inflicts extra damage.
   It affects your intelligence (+4).
 s - a +3 scimitar of flaming
 w - a +0 blowgun
Missiles
 p - 7 bolts of frost
 u - 125 sling bullets
 x - 4 throwing nets (quivered)
 I - 78 poisoned needles
 J - 22 exploding sling bullets
 L - a tomahawk
 M - 10 curare-tipped needles
 R - 16 sling bullets of flame
Armour
 c - a +1 hat of intelligence (worn)
 j - a +4 large shield (worn)
 m - a +0 cloak (worn)
 t - the +0 pair of boots "Obluim" (worn) {rF+ MP+9}
   (You acquired it on level 15 of the Dungeon)

   It protects you from fire.
   It affects your magic capacity (+9).
 N - the +2 leather armour of the Realm of Zot (worn) {Int-4 Slay+4}
   (You found it on level 8 of the Dungeon)

   It affects your intelligence (-4).
   It affects your accuracy and damage with ranged weapons and melee attacks
   (+4).
Rods
 b - a +4 rod of the swarm (2/11)
   (You found it in a labyrinth)
 z - a +2 rod of shadows (1/10)
   (You found it in a labyrinth)
 V - a +5 lightning rod (13/13)
   (You found it in a labyrinth)
Jewellery
 K - the ring of Goedak (left claw) {rN+ MR+}
   (You found it in a labyrinth)

   [ring of positive energy]

   It protects you from negative energy.
   It affects your resistance to hostile enchantments.
 O - the ring "Peahin" {+Fly rPois Dex+2}
   (You bought it in a shop on level 4 of the Orcish Mines)

   [ring of flight]

   It affects your dexterity (+2).
   It protects you from poison.
   It lets you fly.
 T - a ring of protection from cold (right claw)
Magical devices
 f - a wand of teleportation (3)
 k - a wand of digging (13)
 l - a wand of draining (6)
 U - a wand of disintegration (4)
 W - a wand of heal wounds (2)
Scrolls
 g - 12 scrolls of identify
 h - 3 scrolls of recharging
 y - 5 scrolls of magic mapping
 A - 10 scrolls of remove curse
 B - 3 scrolls of fear
 E - 9 scrolls of teleportation
 G - 4 scrolls of fog
 X - a scroll of blinking
Potions
 d - a potion of magic
 i - a potion of berserk rage
 o - 6 potions of curing
 D - 6 potions of lignification
 F - a potion of resistance
 H - 4 potions of flight
 P - 3 potions of cancellation
 Y - 2 potions of agility
Books
 Q - a Young Poisoner's Handbook

   Spells                             Type                      Level
   a - Sting                          Conjuration/Poison           1
   b - Cure Poison                    Poison                       2
   c - Mephitic Cloud                 Conjuration/Poison/Air       3
   d - Olgreb's Toxic Radiance        Poison                       4
   e - Venom Bolt                     Conjuration/Poison           5
Miscellaneous
 v - a stone of tremors (inert)
 C - a phial of floods (inert)
 Z - a lamp of fire (inert)
Comestibles
 n - 20 meat rations


   Skills:
 - Level 12.1 Fighting
 - Level 7.8 Armour
 - Level 12.5 Dodging
 - Level 1.7 Stealth
 * Level 18.8 Shields
 - Level 10.9 Unarmed Combat


You had 16 spell levels left.
You didn't know any spells.

Dungeon Overview and Level Annotations

Branches:
Dungeon (15/15)            Temple (1/1) D:6            Lair (8/8) D:9
 Shoals (4/4) Lair:4        Snake (1/4) Lair:4        Slime (0/6) Lair:6
    Orc (4/4) D:10            Elf (0/3) Orc:4        Vaults (0/5) D:14
 Depths (1/5) D:15

Altars:
Ashenzari
Cheibriados
Dithmenos
Elyvilon
Fedhas
Gozag
Kikubaaqudgha
Makhleb
Nemelex Xobeh
Okawaru
Qazlal
Ru
Sif Muna
Trog
Vehumet
Xom
Yredelemnul
Zin
The Shining One
Beogh

Shops:
D:4 (   D:5 *   D:10 (   D:13 (   Orc:4 }=*[

Annotations:
Shoals:4 Ilsuiw


Innate Abilities, Weirdness & Mutations

You have claws for hands.
You are partially covered in slimy green scales (AC +2).
Your flesh is heat resistant.
You are mostly covered in sharp spines.
When hurt, damage is shared between your health and your magic reserves.
You regenerate magic rapidly.
When low on magic, you restore magic in place of health.
You possess an exceptional clarity of mind.


Message History

The wind drake is severely wounded.
The merfolk javelineer is no longer distracted by gold.
You block the wind drake's attack. The wind drake flaps its wings at you.
The air twists around and strikes you!
* * * LOW HITPOINT WARNING * * *
You block the merfolk's attack.
The merfolk javelineer throws a stone.
The stone hits you but does no damage. The wind drake flaps its wings at you.
The air twists around and strikes you!
* * * LOW HITPOINT WARNING * * *
Your hobgoblin hits the wind drake. The wind drake bites your hobgoblin!
Your hobgoblin dies!
Your hobgoblin's corpse dissolves into shadows!
You mangle the wind drake!!
You kill the wind drake!
The merfolk looks more healthy.
The merfolk hits you from afar with a trident!!
You die...
Your body crumbles into a pile of gold.

..≈ ≈≈ ≈≈≈.....≈.......# ≈≈≈≈
≈≈§.............# ≈≈≈≈
≈...........)..# $ $ ≈≈≈≈
#m....(......## ≈≈≈≈
#(...###.....##'## ≈≈≈≈
#(...$##.(m.....≈≈ ≈≈≈≈
#.m.k#............ ≈≈≈≈
#.$$(##............ ≈≈≈≈≈≈..
#$@..##............ ≈≈≈≈≈..####
#.................%.
...........#....≈....$.........(.
...........###..≈≈≈≈≈............
........... #.≈≈≈≈≈≈≈≈.≈≈≈≈≈....
........... #..≈≈≈≈≈≈≈≈≈≈..≈≈.≈≈
##......... ##..≈≈≈≈≈≈≈ ....≈
≈##........ ...≈≈≈≈≈≈≈ .###.
≈≈#≈....... .....


You could see a merfolk javelineer, a wind drake and a merfolk.

Vanquished Creatures
  Rupert (D:13)
  The ghost of aleksiL the Black Belt, a mighty DsWz of Okawaru (D:14)
  A fire giant (D:15)
  Maud (D:12)
  Aizul (Shoals:1)
  An orc warlord (Orc:3)
  2 stone giants (Depths:1)
  Nessos (Orc:4)
  Azrael (D:15)
  The ghost of Deemzul the Nimble, a powerful OpMo of Dithmenos (D:14)
  An ettin (D:14)
  A minotaur (Lab)
  A merfolk javelineer (Shoals:3)
  5 merfolk impalers
  2 ice dragons
  Fannar (D:11)
  Harold (Lair:3)
  A great orb of eyes (Depths:1)
  2 ogre magi (Orc:4)
  A catoblepas (Lair:5)
  11 hydras
  3 centaur warriors
  A deep troll shaman (Depths:1)
  2 merfolk aquamancers (Shoals:3)
  Sonja (D:12)
  A fire crab (shapeshifter) (D:15)
  10 sea snakes
  4 deep trolls
  An unseen horror (D:12)
  A necromancer (D:14)
  2 orc knights
  5 fauns (Shoals:1)
  13 harpies
  7 hill giants
  6 griffons
  3 orc sorcerers
  An oklob plant (Lair:6)
  13 ugly things
  A wolf spider (Lair:8)
  A wolf spider zombie (D:11)
  A naga mage (Snake:1)
  A hornet (Lair:8)
  4 cyclopes
  7 manticores
  5 water nymphs
  12 elephants
  6 sirens
  Maurice (D:10)
  A guardian serpent (Lair:8)
  7 black mambas
  A centaur skeleton (D:14)
  A spiny frog (shapeshifter) (D:14)
  An efreet (D:12)
  A fire drake (Lair:8)
  23 spiny frogs
  10 komodo dragons
  2 freezing wraiths
  A yaktaur (shapeshifter) (D:14)
  A harpy zombie (Shoals:1)
  9 polar bears
  14 merfolk
  A queen bee (D:8)
  14 trolls
  A harpy skeleton (D:15)
  5 wind drakes
  A boulder beetle (Lair:8)
  Prince Ribbit (D:5)
  8 slime creatures
  2 griffon zombies (Shoals:1)
  2 raiju (Lair:8)
  12 blink frogs
  8 two-headed ogres
  8 snapping turtles
  6 water elementals
  A trapdoor spider (D:12)
  3 wraiths
  Sigmund (D:5)
  3 shadows
  4 hungry ghosts
  37 yaks
  4 wyverns
  4 vampire mosquitoes (D:12)
  A human (shapeshifter) (D:14)
  3 basilisks
  5 fire elementals (D:15)
  3 wandering mushrooms
  14 hippogriffs
  2 mottled dragons
  9 wargs
  A naga (Lair:4)
  A steam dragon (D:10)
  16 orc warriors
  3 wasps
  26 wolves
  The ghost of tyrsky the Magician, an average DEFE (D:5)
  29 ogres
  2 sky beasts
  14 black bears
  4 spiders (Lair:8)
  5 ice beasts
  2 phantoms
  10 porcupines
  21 water moccasins
  An eye of draining (D:11)
  7 hell hounds
  18 centaurs
  16 crocodiles
  3 big kobolds
  A wyvern zombie (D:12)
  21 giant frogs
  14 scorpions
  A hippogriff zombie (Shoals:1)
  A vampire bat (Orc:2)
  30 killer bees
  5 wights (D:8)
  11 crimson imps
  A lava snake (Orc:2)
  5 centaur zombies
  A giant frog zombie (D:11)
  A gnoll shaman (D:6)
  10 iguanas
  An iron imp (D:14)
  2 human zombies (Ossuary)
  3 jellies
  A quasit (D:14)
  18 hounds
  27 orc priests
  Jessica (D:2)
  21 worker ants
  34 orc wizards
  3 big kobold zombies (Ossuary)
  30 sheep
  The ghost of tyrsky the Sneak, a weakling OpAs (D:4)
  A hound skeleton (D:3)
  The ghost of tyrsky the Magician, a weakling DEFE (D:3)
  3 mummies
  3 worker ant zombies
  6 scorpion zombies (Ossuary)
  19 adders
  12 gnolls
  35 river rats
  4 shadow imps
  2 adder zombies
  An ooze (D:2)
  An adder skeleton (D:8)
  2 worms
  208 orcs
  2 ball pythons
  A bat skeleton (D:7)
  2 bat zombies
  A gnoll zombie (Ossuary)
  27 goblins
  19 hobgoblins
  20 jackals
  24 kobolds
  7 quokkas
  22 bats
  8 giant cockroaches
  5 giant geckos
  A giant gecko skeleton (D:8)
  5 giant newts
  A hobgoblin zombie (Ossuary)
  3 kobold zombies (Ossuary)
  An orc zombie (Ossuary)
  A quokka skeleton (D:8)
  13 rats
  18 fungi
  8 plants
1297 creatures vanquished.

Vanquished Creatures (collateral kills)
  A griffon (Shoals:4)
  A manticore (Shoals:3)
  An elephant (Lair:8)
  A faun (Shoals:1)
  A siren (Shoals:4)
  A polar bear (Lair:8)
  A water elemental (Shoals:4)
  A water moccasin (Lair:8)
  A black bear (Lair:8)
9 creatures vanquished.

Vanquished Creatures (others)
  A black mamba (Lair:8)
  A wizard (D:14)
  2 polar bears (Lair:8)
  A water elemental (Shoals:4)
  A fire elemental (Shoals:4)
  A water moccasin (Shoals:4)
  An orc warrior (Orc:4)
  An ice beast (Shoals:4)
  An earth elemental (Shoals:4)
  8 killer bees
  A scorpion (Shoals:4)
  An orc priest (Orc:2)
  An orc wizard (Shoals:4)
  2 worker ants (Shoals:4)
  A mummy (Ossuary)
  3 orcs (Shoals:4)
  2 hobgoblins (Shoals:4)
  A butterfly (Shoals:4)
  34 fungi
  39 plants
103 creatures vanquished.

Grand Total: 1409 creatures vanquished

Notes
Turn   | Place    | Note
--------------------------------------------------------------
     0 | D:1      | Chiseanne the Demonspawn Monk began the quest for the Orb.
     0 | D:1      | Reached XP level 1. HP: 18/18 MP: 1/1
   206 | D:1      | Gained mutation: You are partially covered in sharp spines. [demonic ancestry]
   206 | D:1      | Reached XP level 2. HP: 24/24 MP: 2/2
   565 | D:1      | Gained mutation: You have sharp fingernails. [demonic ancestry]
   565 | D:1      | Reached XP level 3. HP: 29/29 MP: 3/3
  1218 | D:2      | Noticed Jessica
  1224 | D:2      | Killed Jessica
  1224 | D:2      | Reached skill level 1 in Armour
  1224 | D:2      | Reached XP level 4. HP: 34/37 MP: 4/4
  1383 | D:2      | Found a sparkling altar of Nemelex Xobeh.
  1462 | D:3      | Reached skill level 1 in Shields
  1482 | D:3      | Noticed tyrsky's ghost (weakling DEFE)
  1489 | D:3      | Killed tyrsky's ghost
  1489 | D:3      | Reached skill level 4 in Fighting
  2144 | D:4      | Reached XP level 5. HP: 42/42 MP: 5/5
  2163 | D:4      | Found Pirueg Hax's Antique Weapon Shoppe.
  2233 | D:4      | Found a white marble altar of Elyvilon.
  2275 | D:4      | Found a sand-covered staircase.
  2286 | Ossuary  | Entered an ossuary
  2462 | Ossuary  | Reached XP level 6. HP: 31/49 MP: 6/6
  2858 | Ossuary  | Gained mutation: You have very sharp fingernails. [demonic ancestry]
  2858 | Ossuary  | Reached XP level 7. HP: 19/55 MP: 7/7
  2973 | Ossuary  | Reached skill level 5 in Fighting
  3236 | Ossuary  | Reached skill level 5 in Dodging
  3803 | D:4      | Reached XP level 8. HP: 59/63 MP: 6/8
  4194 | D:4      | Noticed tyrsky's ghost (weakling OpAs)
  4199 | D:4      | Killed tyrsky's ghost
  4256 | D:4      | Reached skill level 5 in Armour
  4710 | D:5      | Entered Level 5 of the Dungeon
  4710 | D:5      | Noticed Sigmund
  4720 | D:5      | Killed Sigmund
  4720 | D:5      | Reached skill level 6 in Fighting
  4938 | D:5      | Found a shattered altar of Ashenzari.
  5313 | D:5      | Noticed tyrsky's ghost (average DEFE)
  5332 | D:5      | Killed tyrsky's ghost
  5603 | D:5      | Noticed Prince Ribbit
  5612 | D:5      | Killed Prince Ribbit
  5612 | D:5      | Gained mutation: When hurt, damage is shared between your health and your magic reserves. [demonic ancestry]
  5612 | D:5      | Reached XP level 9. HP: 58/71 MP: 7/9
  5822 | D:5      | Gained mutation: You possess an exceptional clarity of mind. [potion of beneficial mutation]
  5974 | D:5      | Found Seneguci's Serpentskin Sales.
  5980 | D:5      | Bought a potion of poison for 14 gold pieces
  6232 | D:5      | Found an ancient bone altar of Kikubaaqudgha.
  6233 | D:5      | Found a bloodstained altar of Trog.
  7077 | D:6      | Reached skill level 7 in Dodging
  7550 | D:6      | Found a staircase to the Ecumenical Temple.
  7683 | Temple   | Entered the Ecumenical Temple
  8269 | D:7      | Found an opulent altar of Gozag.
  8277 | D:7      | Became a worshipper of Gozag Ym Sagoz the Greedy
  8542 | D:4      | Bought a pitted whip for 172 gold pieces
  8542 | D:4      | Bought an ichor-stained hunting sling for 149 gold pieces
  8544 | D:4      | Identified the +3 whip "Ufubera" {slash, rElec rF+ rC-} (You bought it in a shop on level 4 of the Dungeon)
  8545 | D:4      | Identified the +7 hunting sling of Qetyef {freeze, rElec Str+5} (You bought it in a shop on level 4 of the Dungeon)
  8756 | D:8      | Gained mutation: You have claws for hands. [demonic ancestry]
  8756 | D:8      | Reached XP level 10. HP: 53/79 MP: 8/10
  8984 | D:8      | Reached skill level 8 in Dodging
  9753 | D:8      | Got a spiked leather armour
  9805 | D:8      | Identified the +2 leather armour of the Realm of Zot {Int-4 Slay+4} (You found it on level 8 of the Dungeon)
 10038 | D:9      | Found a snail-covered altar of Cheibriados.
 10294 | D:9      | Found a staircase to the Lair.
 10443 | D:9      | Found an iron altar of Okawaru.
 10809 | D:9      | Reached skill level 9 in Dodging
 10809 | D:9      | Reached skill level 5 in Shields
 10943 | Lair:1   | Entered Level 1 of the Lair of Beasts
 11326 | Lair:1   | Reached skill level 5 in Unarmed Combat
 11646 | Lair:1   | Gained mutation: You are partially covered in slimy green scales (AC +2). [demonic ancestry]
 11646 | Lair:1   | Reached XP level 11. HP: 87/87 MP: 11/11
 12029 | D:10     | Entered Level 10 of the Dungeon
 12192 | D:10     | Noticed Maurice
 12202 | D:10     | Killed Maurice
 12433 | D:10     | Found a staircase to the Orcish Mines.
 12479 | D:10     | Noticed a hill giant
 12493 | D:10     | Killed a hill giant
 12632 | D:10     | Found Bebbuv's Antique Weapon Emporium.
 12635 | D:10     | Bought a smoking long sword for 246 gold pieces
 12635 | D:10     | Identified the +7 long sword of the Empty Page {venom, rC+ Int+3} (You bought it in a shop on level 10 of the Dungeon)
 13226 | D:11     | Reached skill level 10 in Dodging
 14322 | D:11     | Noticed Fannar
 14349 | D:11     | Killed Fannar
 14702 | D:12     | Reached skill level 10 in Fighting
 14895 | D:12     | Noticed Sonja
 14922 | D:12     | Killed Sonja
 14922 | D:12     | Reached XP level 12. HP: 91/97 MP: 12/12
 15079 | D:12     | Found a shimmering altar of Xom.
 15274 | D:12     | Noticed a hill giant
 15281 | D:12     | Killed a hill giant
 15817 | D:12     | Reached skill level 11 in Dodging
 15929 | D:12     | Noticed Maud
 15949 | D:12     | Killed Maud
 16702 | D:13     | Noticed a centaur warrior
 16710 | D:13     | Killed a centaur warrior
 16941 | D:13     | Identified a scroll of acquirement
 17117 | Orc:1    | Entered Level 1 of the Orcish Mines
 18687 | Orc:3    | Found a roughly hewn altar of Beogh.
 18752 | Orc:3    | Found Ewoawuka's Food Emporium.
 18760 | Orc:3    | Bought a slice of pizza for 15 gold pieces
 18760 | Orc:3    | Bought a beef jerky for 15 gold pieces
 18760 | Orc:3    | Bought a meat ration for 50 gold pieces
 18760 | Orc:3    | Bought a bread ration for 50 gold pieces
 18760 | Orc:3    | Bought a meat ration for 50 gold pieces
 18760 | Orc:3    | Bought a meat ration for 50 gold pieces
 18760 | Orc:3    | Bought a meat ration for 50 gold pieces
 18769 | Orc:3    | Noticed an orc warlord
 18802 | Orc:3    | Killed an orc warlord
 18802 | Orc:3    | Reached XP level 13. HP: 59/106 MP: 8/13
 19443 | Orc:4    | Entered Level 4 of the Orcish Mines
 19943 | Orc:4    | Found a staircase to the Elven Halls.
 20184 | Orc:4    | Found Ekapn's Assorted Antiques.
 20187 | Orc:4    | Found Oghujy's Armour Shop.
 20357 | Orc:3    | Reached skill level 12 in Dodging
 20493 | Orc:4    | Reached skill level 10 in Unarmed Combat
 20874 | Orc:4    | Found Saebb's Gadget Boutique.
 21293 | Orc:4    | Bought a +1 pair of boots of stealth for 231 gold pieces
 21308 | Orc:4    | Found Kutruc's Jewellery Boutique.
 21311 | Orc:4    | Bought a scroll of fog for 68 gold pieces
 21311 | Orc:4    | Bought a scroll of recharging for 323 gold pieces
 21311 | Orc:4    | Bought a scroll labeled GUEFINTUCINT for 34 gold pieces
 21311 | Orc:4    | Bought a scroll of identify for 68 gold pieces
 21311 | Orc:4    | Bought a scroll of remove curse for 102 gold pieces
 21339 | Orc:4    | Bought a wand of digging (13) for 476 gold pieces
 21339 | Orc:4    | Bought a wand of teleportation (4) for 336 gold pieces
 21364 | Orc:4    | Bought the ring of the Quahog {rPois MR+ Str-2 Dex+2} for 301 gold pieces
 21364 | Orc:4    | Bought the ring "Peahin" {+Fly rPois Dex+2} for 493 gold pieces
 21364 | Orc:4    | Bought a +4 ring of protection for 540 gold pieces
 21376 | Orc:4    | Noticed Nessos
 21397 | Orc:4    | Killed Nessos
 21904 | Lair:1   | Noticed a five-headed hydra
 21914 | Lair:1   | Killed a five-headed hydra
 24212 | Lair:3   | Found an ancient bone altar of Kikubaaqudgha.
 24303 | Lair:3   | Noticed Harold
 24319 | Lair:3   | Gained mutation: You regenerate magic rapidly. [demonic ancestry]
 24319 | Lair:3   | Reached XP level 14. HP: 109/115 MP: 12/14
 24332 | Lair:3   | Killed Harold
 25573 | Lair:4   | Found a staircase to the Snake Pit.
 25614 | Lair:4   | Found a staircase to the Shoals.
 26256 | Lair:4   | Reached skill level 10 in Shields
 27497 | Lair:6   | Got a fabulously ornate robe
 27508 | Lair:6   | Identified the cursed +1 robe of Autumn {+Inv rC++ MR-} (You found it on level 6 of the Lair of Beasts)
 27684 | Lair:6   | Found a staircase to the Slime Pits.
 30432 | Lair:8   | Entered Level 8 of the Lair of Beasts
 30493 | Lair:8   | Reached skill level 13 in Shields
 30871 | Lair:8   | Gained mutation: When low on magic, you restore magic in place of health. [demonic ancestry]
 30871 | Lair:8   | Reached XP level 15. HP: 113/120 MP: 15/15
 32399 | Lair:8   | Reached skill level 14 in Shields
 34587 | D:13     | Found Fishutoc's Antique Weapon Shop.
 34593 | D:13     | Bought a steaming hunting sling for 156 gold pieces
 34594 | D:13     | Identified the +7 hunting sling of Blood-Lust {velocity, Int+4} (You bought it in a shop on level 13 of the Dungeon)
 34656 | D:13     | Noticed Rupert
 34670 | D:13     | Paralysed by Rupert for 5 turns
 34674 | D:13     | Killed Rupert
 34674 | D:13     | Reached skill level 15 in Shields
 35110 | D:14     | Noticed aleksiL's ghost (mighty DsWz)
 35225 | D:14     | Killed aleksiL's ghost
 35520 | D:14     | Noticed Deemzul's ghost (powerful OpMo)
 35546 | D:14     | Killed Deemzul's ghost
 36008 | D:14     | Found a sacrificial altar of Ru.
 36316 | D:14     | Found a gate to the Vaults.
 36788 | D:15     | Entered Level 15 of the Dungeon
 36794 | D:15     | Got a pair of crude boots
 36805 | D:15     | Identified the +0 pair of boots "Obluim" {rF+ MP+9} (You acquired it on level 15 of the Dungeon)
 36865 | D:15     | Reached skill level 16 in Shields
 36917 | D:15     | Found a labyrinth entrance.
 36917 | D:15     | Noticed Azrael
 36929 | D:15     | Killed Azrael
 36957 | Lab      | Entered a labyrinth
 37174 | Lab      | Got a pitted tin ring
 37179 | Lab      | Identified the ring of Goedak {rN+ MR+} (You found it in a labyrinth)
 37187 | Lab      | Identified Sif Muna's Disquisition on Sinister Battle Magic (You found it in a labyrinth)
 37200 | Lab      | Identified a +4 rod of the swarm (11/11) (You found it in a labyrinth)
 37202 | Lab      | Identified a +1 rod of shadows (9/9) (You found it in a labyrinth)
 37589 | D:15     | Gained mutation: Your flesh is heat resistant. [demonic ancestry]
 37589 | D:15     | Reached XP level 16. HP: 105/127 MP: 16/16
 37794 | D:15     | Found a staircase to the Depths.
 38221 | D:15     | Got a faintly glowing glass ring
 38223 | D:15     | Identified the ring of Acoefedo {+/*Tele rF+ rN+ MR+} (You found it on level 15 of the Dungeon)
 38281 | D:15     | Found a shimmering altar of Xom.
 38748 | Snake:1  | Entered Level 1 of the Snake Pit
 39506 | Depths:1 | Entered Level 1 of the Depths
 39693 | Depths:1 | Reached skill level 17 in Shields
 40290 | Shoals:1 | Entered Level 1 of the Shoals
 40818 | Shoals:1 | Noticed Aizul
 40834 | Shoals:1 | Killed Aizul
 41787 | Shoals:2 | Upgraded the game from 0.17-a0-1020-ge683cc4 to 0.17-a0-1103-ga40c899
 42200 | Shoals:3 | Reached skill level 18 in Shields
 42352 | Shoals:4 | Entered Level 4 of the Shoals
 42358 | Shoals:4 | Noticed Ilsuiw
 44780 | Shoals:4 | Gained mutation: You are mostly covered in sharp spines. [demonic ancestry]
 44780 | Shoals:4 | Reached XP level 17. HP: 46/133 MP: 17/17
 44891 | Shoals:4 | HP: 1/133 [wind drake/the air (13)]
 44892 | Shoals:4 | Demolished by a merfolk

Vault maps used:
D:1:      minmay_arrival_solitary_statue
D:2:      nicolae_overflow_hidden_temple, uniq_jessica
D:3:      first_bread
D:4:      elyvilon_altar_3, nicolae_ossuary_entry_ruins, serial_shops,
          nicolae_shop_behind_doors
D:5:      gammafunk_temple_overflow_statue, basic_altar, guppyfry_shop_venom,
          uniq_prince_ribbit1, uniq_sigmund
D:6:      minmay_temple_entry_poolview
D:7:      lemuel_crystal_altar
D:8:      david_nohive_1
D:9:      kennysheep_little_box, slow_altar_1, dpeg_oklobed_lair
D:10:     hiddenorc2_lemuel, serial_shops, nicolae_shop_behind_doors,
          uniq_maurice
D:11:     uniq_fannar
D:12:     basic_altar, uniq_maud, uniq_sonja
D:13:     serial_shops, shop, uniq_rupert
D:14:     david_vaults_4, nicolae_ru_sacrificial_ziggurat,
          kennysheep_small_circle
D:15:     grunt_enter_depths_giant_problem, lab_entry_generic, basic_altar,
          uniq_azrael
Temple:   circular_temple_12
Lair:1:   lemuel_fruit_fields, lemuel_fruit_tree
Lair:2:   st_stairs_9
Lair:3:   basic_altar, uniq_harold
Lair:4:   elwin_shoals_entry_stream, guppyfry_snake_entry_island,
          serial_bayou_lagoon_a, grunt_forest_large_clearings
Lair:5:   grunt_megastairs_4, bh_autumn_forest_stairs
Lair:6:   minmay_slime_entry_oklob_open, grunt_megastairs_2
Lair:7:   beast_lair_carwin_9
Lair:8:   hangedman_lair_tendril_chambers, hangedman_lair_caniforms_friends
Shoals:1: serial_shops, shop, nicolae_shoals_undead_eyrie, uniq_aizul,
          uniq_nikola
Shoals:2: uniq_frances
Shoals:3: nicolae_shoals_siren_and_animal_friends, uniq_mara
Shoals:4: serial_shops, nicolae_shop_crystal, shoals_end_simple,
          shoals_ilsuiw_alternative
Snake:1:  nicolae_snake_linked_coils, grunt_ministairs_14
Orc:2:    roderic_batcave, nicolae_orc_lava_tube
Orc:3:    serial_shops, shop, basic_altar, nicolae_orc_pool_cavern
Orc:4:    st_orc_open, uniq_nessos
Depths:1: grunt_metal_band, glass_columns_c, kennysheep_generic_room_5
Lab:      labyrinth_mini_lab, labyrinth_glass_1, nicolae_lab_garden
Ossuary:  ossuary_minmay_scorpions

Action                   |  1- 3 |  4- 6 |  7- 9 | 10-12 | 13-15 | 16-18 || total
-------------------------+-------+-------+-------+-------+-------+-------++-------
Melee: Unarmed           |    72 |   107 |   441 |   872 |  1713 |   731 ||  3936
       Flail             |       |       |       |       |    21 |       ||    21
       Scimitar          |       |       |       |       |    51 |       ||    51
 Fire: Blowgun           |       |       |     5 |    31 |    42 |     8 ||    86
       Hunting sling     |       |       |       |       |    21 |     1 ||    22
Throw: Tomahawk          |       |       |       |    16 |    10 |       ||    26
       Throwing net      |       |       |       |       |     1 |       ||     1
Invok: Potion Petition   |       |       |       |       |       |     3 ||     3
Evoke: Wand              |       |     1 |     3 |     1 |    14 |     6 ||    25
       Rod               |       |       |       |       |       |    19 ||    19
       Lamp of fire      |       |       |       |       |       |     2 ||     2
       Phial of floods   |       |       |       |       |       |     2 ||     2
       Stone of tremors  |       |       |       |       |       |     1 ||     1
  Use: Scroll            |       |    10 |    14 |    10 |    14 |     7 ||    55
       Potion            |       |       |     2 |     6 |     4 |     3 ||    15
 Stab: Sleeping          |       |       |     5 |     6 |     6 |     2 ||    19
       Distracted        |       |       |       |    11 |    29 |     5 ||    45
       Invisible         |       |       |       |     6 |     3 |       ||     9
       Petrifying        |       |       |       |       |     1 |       ||     1
       Confused          |       |       |       |       |     1 |       ||     1
  Eat: Chunk             |     1 |     4 |    12 |       |       |       ||    17
       Beef jerky        |       |     1 |       |       |     4 |       ||     5
       Bread ration      |       |       |     2 |     2 |     6 |     1 ||    11
       Fruit             |       |       |       |    19 |    17 |     5 ||    41
       Royal jelly       |       |       |       |     8 |     6 |     6 ||    20
       Pizza             |       |       |       |       |     3 |       ||     3
       Meat ration       |       |       |       |       |       |     1 ||     1
